 Dungeon Crawl Stone Soup version 0.32-a0-86-g8db1b9f803 (webtiles) character file.

Game seed: 7171334691013387757

29 Esekla the Sneak (level 3, -2/26 HPs)
             Began as an Octopode Delver on Feb 5, 2024.
             Slain by an ogre
             ... wielding a +0 giant club
              (23 damage)
             ... on level 5 of the Dungeon.
             The game lasted 00:02:02 (141 turns).

Esekla the Sneak (Octopode Delver)                   Turns: 141, Time: 00:02:03

Health: -2/26      AC:  1    Str: 11    XL:     3   Next: 16%
Magic:  4/4        EV: 13    Int: 14    God:
Gold:   31         SH:  0    Dex: 13    Spells: 3/3 levels left

rFire   . . .        a - +0 falchion
rCold   . . .        (no shield)
rNeg    . . .        (helmet restricted)
rPois   .            (no amulet)
rElec   .            (no ring)
rCorr   .            (no ring)
SInv    .            (no ring)
Will    .....        (no ring)
Stlth   ++++         (no ring)
HPRegen 0.24/turn    (no ring)
MPRegen 0.09/turn    (no ring)
                     (no ring)

%: no passive effects
@: no status effects
A: almost no armour, amphibious, 8 rings, camouflage 1, gelatinous body 1,
(nimble swimmer 1), tentacles
a: no special abilities


You were on level 5 of the Dungeon.
You visited 1 branch of the dungeon, and saw 1 of its levels.

You collected 31 gold pieces.

Inventory:

Hand Weapons
 a - a +0 falchion (weapon)
Missiles
 g - 4 poisoned darts (quivered)
Wands
 f - a wand of digging (3)
Scrolls
 b - a scroll of fog
Potions
 c - a potion of ambrosia {unknown}
 e - a potion of haste


   Skills:
 * Level 3.2 Fighting
 + Level 2.0 Long Blades
 + Level 2.1 Dodging
 + Level 7.2 Stealth
 * Level 0.6 Spellcasting


You had 3 spell levels left.
You didn't know any spells.
Your spell library was empty.

Dungeon Overview and Level Annotations

Branches:
Dungeon (5/15)
 Temple: D:4-7

Altars:
Dithmenos


Innate Abilities, Weirdness & Mutations

You cannot wear most types of armour.
You are amphibious.
You can wear up to eight rings at the same time.
Your skin changes colour to match your surroundings (Stealth+).
Your rubbery body absorbs attacks. (AC +1, EV +1)
((You are camouflaged when in or above water. (Stealth+)))
You have tentacles for arms and can constrict up to eight enemies at once.


Message History

You feel clever. x2
You start resting.
HP restored.
You start resting.
Magic restored.
You see here a hound corpse.
An ogre comes into view. It is wielding a +0 giant club.
Found a fizzy clear potion.
The ogre shouts!
Found an escape hatch in the floor.
You see here a fizzy clear potion.
c - a fizzy clear potion
Found 16 gold pieces.
You see here 16 gold pieces.
You now have 31 gold pieces (gained 16).
Found a white potion and a scroll labelled GEPNOCW YCZA.
An iguana comes into view.
A jackal comes into view.
The iguana hisses angrily.
You hear a bark!
A jackal comes into view.
A jackal comes into view.
Found a leather armour.
A jackal comes into view.
The jackal bites you.
As you read the scroll of fear, it crumbles to dust.
You assume a fearsome visage.
The iguana looks frightened!
The jackal looks frightened! x2
The jackal barks!
The ogre resists with some effort.
You see here a +0 leather armour.
Found 10 gold pieces.
Found a shadowy altar of Dithmenos.
An orc priest comes into view. It is wielding a +0 mace.
A hound comes into view.
An orc comes into view. It is wielding a +3 short sword.
You barely miss the ogre.
The hound barks!
The hound bites you.
The ogre hits you with a +0 giant club!!
Ouch! That really hurt!
You die...

******###,,,,,,,*#.#.....
*,,,,,....########.......
*,,,$,,*#........[..#####
****,,,#..#####........#
**,,,,,**#.....#.#####..#
**,,**.,*#*,,*#...# #..#
**,,,**#..#.,*##...# #..#**
*,,*,,*#.....##O.#.#***#..#,**
*,,,,,,.......@h...#,,,....*,**
*,,,**,........##.........##*,*
*,,****..._...##*#.#...,,,,,**,
*,,,**,....o..,**..####**,*,*,*
*,,,,,,.......,,,,.# *,,,,**
*,,,,,*#.....#*,,,,#*****,,<,*
***,,**#..#..***,*,,,,,,,,*,,*
*,,**.o###.,**,**********,,*
*,,,,,,***,,,,,* *,,*


You could see an ogre, a hound, an orc priest and an orc (asleep).

Vanquished Creatures
  A hound (D:5)
1 creature vanquished.

Notes
Turn   | Place    | Note
-------+----------+-------------------------------------------
     0 | D:5      | Esekla the Octopode Delver began the quest for the Orb.
     0 | D:5      | Reached XP level 1. HP: 16/16 MP: 1/1
     7 | D:5      | Noticed a hound
     7 | D:5      | Noticed a jelly
    29 | D:5      | Noticed a hound
    36 | D:5      | Killed a hound
    37 | D:5      | Reached skill level 7 in Stealth
    37 | D:5      | Reached XP level 2. HP: 17/21 MP: 1/3
    37 | D:5      | Reached XP level 3. HP: 21/26 MP: 1/4
   101 | D:5      | Noticed an ogre
   137 | D:5      | Found a shadowy altar of Dithmenos.
   141 | D:5      | Slain by an ogre

Illustrated notes

Levels and vault maps discovered:
D:5:      layout_loops_ring, nicolae_dithmenos_shadow_blocks

Skill      XL: |  1 |
---------------+----+-----
Stealth        | 7 |  7.2
Fighting       | |  3.2
Long Blades    | |  2.0
Dodging        | |  2.1
Spellcasting   | |  0.6

Action                     || total
---------------------------++-------
  Melee: Falchion          ||     7
         Tentacles         ||     2
         Constrict         ||     1
    Use: Scroll            ||     2
 Armour: Skin              ||     6
  Dodge: Dodged            ||     6

Table legend: (Time is in decaauts)
 A = Elapsed time spent in this place.
 B = Non-inter-level travel time spent in this place.
 C = Inter-level travel time spent in this place.
 D = Time resting spent in this place.
 E = Time spent auto-exploring this place.
 F = Levels seen in this place.
 G = Mean time per level.
                   A        B        C        D        E       F      G
               +--------+--------+--------+--------+--------+-----+--------+
         Total |    142 |    142 |      0 |     34 |      0 |   1 |  142.0 |
       Dungeon |    142 |    142 |      0 |     34 |      0 |   1 |  142.0 |
               +--------+--------+--------+--------+--------+-----+--------+

Top non-repeatable levels by time:
     D:5: 142 daAuts
